 Dungeon Crawl Stone Soup version 0.22-a0-482-g76e0a5f (webtiles) character file.

127 Gildenfire the Chopper (level 5, -2/31 HPs)
             Began as a Tengu Skald on June 17, 2018.
             Slain by Grinder (8 damage)
             ... on level 3 of the Dungeon.
             The game lasted 00:12:18 (1468 turns).

Gildenfire the Chopper (Tengu Skald)                Turns: 1468, Time: 00:12:19

Health: -2/31      AC:  8    Str: 15    XL:     5   Next: 11%
Magic:  9/9        EV:  7    Int: 13    God:
Gold:   96         SH:  0    Dex: 14    Spells: 7/8 levels left

rFire    . . .     SeeInvis .   k - +0 spear (curse)
rCold    . . .     Gourm    .   (no shield)
rNeg     . . .     Faith    .   h - +0 chain mail
rPois    .         Spirit   .   (helmet restricted)
rElec    .         Reflect  .   (no cloak)
rCorr    .         Harm     .   (no gloves)
MR       .....                  (boots unavailable)
Stlth    ..........             b - amulet of regeneration (curse)
HPRegen  0.50/turn              f - +3 ring of strength
MPRegen  0.11/turn              (no ring)

@: no status effects
A: beak, talons 3, able to fly 1
a: Fly


You were on level 3 of the Dungeon.
You were not hungry.

You visited 1 branch of the dungeon, and saw 3 of its levels.

You collected 96 gold pieces.

Inventory:

Hand Weapons
 a - a +0 hand axe
 k - a cursed +0 spear (weapon)
Armour
 h - a +0 chain mail (worn)
Jewellery
 b - a cursed amulet of regeneration (around neck)
 f - a +3 ring of strength (left hand)
Scrolls
 g - a scroll of teleportation
Potions
 e - a potion of lignification {unknown}
 j - a potion of mutation {unknown}
 m - 4 potions of berserk rage
Comestibles
 d - 2 rations
 i - 3 chunks of flesh


   Skills:
 * Level 2.6 Fighting
 + Level 3.4(3.5) Axes
 + Level 0.4(2.1) Polearms
 * Level 1.9 Armour
 * Level 2.8 Dodging
 * Level 2.4 Spellcasting
 * Level 3.0 Charms


You had 7 spell levels left.
You knew the following spells:

 Your Spells              Type           Power        Failure   Level  Hunger
a - Infusion              Chrm           #...         83%         1    #......

Your spell library contained the following spells:

 Spells                   Type           Power        Failure   Level  Hunger
 Regeneration             Chrm/Necr      #.........   100%        3    ###....
 Shroud of Golubria       Chrm/Tloc      #.........   99%         2    ###....
 Song of Slaying          Chrm           #.......     93%         2    ###....
 Spectral Weapon          Hex/Chrm       #.......     100%        3    ###....


Dungeon Overview and Level Annotations

Branches:
Dungeon (3/15)

Altars:
Ashenzari
Dithmenos
Sif Muna

Annotations:
D:3 Grinder


Innate Abilities, Weirdness & Mutations

You have a beak for a mouth.
You have claws for feet.
You can fly.


Message History

Grinder hits you.
You writhe in agony.
You barely miss Grinder. Your peck misses Grinder.
Grinder is heavily wounded.
Grinder blinks!
You see here a scorpion corpse.
Grinder gestures at you. Pain shoots through your body!
You hit Grinder but do no damage. Your peck misses Grinder.
Grinder is heavily wounded.
Grinder hits you.
You hit Grinder but do no damage. Your peck misses Grinder.
Grinder is heavily wounded.
Grinder hits you.
* * * LOW HITPOINT WARNING * * *
You writhe in agony.
* * * LOW HITPOINT WARNING * * *
You hit Grinder. Your kick misses Grinder.
Grinder is heavily wounded.
Grinder hits you!
You die...

#### ... ## #####.#####
.###########.....#..[.
...........'.........
.###########.....#)##### .#
#............ .#
#....#...######
###############.@5###≈≈≈≈##
..............†..###≈≈≈≈≈≈###
...############......[..≈≈...
...# #..........≈≈.. ...#
#......≈≈....≈. ...#
#.....≈..≈≈..≈. ...#
#.....≈....≈≈.. ...#
#......≈≈⌠..... ####
#.......⌠≈≈...?


You could see Grinder.

Vanquished Creatures
  A scorpion (D:3)
  2 adders (D:2)
  An ooze (D:3)
  A dart slug (D:1)
  A worm (D:2)
  5 leopard geckos
  An orc (D:3)
  A ball python (D:1)
  8 bats
  A giant cockroach (D:3)
  7 goblins
  2 hobgoblins (D:1)
  7 kobolds
  A frilled lizard (D:1)
  5 rats
44 creatures vanquished.

Notes
Turn   | Place    | Note
-------+----------+-------------------------------------------
     0 | D:1      | Gildenfire the Tengu Skald began the quest for the Orb.
     0 | D:1      | Reached XP level 1. HP: 12/12 MP: 4/4
    88 | D:1      | Reached XP level 2. HP: 13/17 MP: 6/6
   535 | D:2      | Found a shattered altar of Ashenzari.
   581 | D:2      | Reached XP level 3. HP: 15/21 MP: 7/7
   758 | D:2      | Found a deep blue altar of Sif Muna.
  1082 | D:2      | Found a shadowy altar of Dithmenos.
  1099 | D:2      | Reached XP level 4. HP: 27/27 MP: 8/8
  1419 | D:3      | Noticed Grinder
  1451 | D:3      | Gained mutation: You can fly. [Tengu growth]
  1451 | D:3      | Reached XP level 5. HP: 23/31 MP: 9/9
  1451 | D:3      | Paralysed by Grinder for 5 turns
  1468 | D:3      | Slain by Grinder

Vault maps used:
D:1:      dpeg_arrival_simpleton_c
D:2:      nicolae_dithmenos_shadow_blocks, nicolae_overflow_crystal_walls,
          evilmike_ruin_ashenzari
D:3:      cheibrodos_helix_gallery, uniq_grinder

Skill      XL: |  1  2  3  4 |
---------------+-------------+-----
Axes           | 3 |  3.4
Charms         | 3 |  3.0
Fighting       | |  2.6
Polearms       | |  0.4
Armour         | |  1.9
Dodging        | |  2.8
Spellcasting   | |  2.4

Action                   |  1- 3 |  4- 6 || total
-------------------------+-------+-------++-------
Melee: Hand axe          |    83 |       ||    83
       Kick              |    16 |    11 ||    27
       Peck              |     8 |    12 ||    20
       Spear             |     1 |    70 ||    71
  Use: Scroll            |     4 |     2 ||     6
       Potion            |       |     1 ||     1
  Eat: Chunk             |     1 |     1 ||     2
Armor: Leather armour    |    10 |       ||    10
       Chain mail        |    27 |    38 ||    65
Dodge: Dodged            |    48 |    34 ||    82

Table legend:
 A = Spawn XP
 B = Non-spawn XP
 C = Spawn XP percentage of total XP
 D = Spawn monster count
 E = Non-spawn monster count
 F = Spawn count percentage of total count
 G = Total turns spent on level
                    A         B        C        D         E        F      G
               +---------+---------+-------+---------+---------+-------+---------
         Total |       0 |     182 |   0.0 |       0 |      44 |   0.0 |  1468
               +---------+---------+-------+---------+---------+-------+---------
           D:1 |       0 |      26 |   0.0 |       0 |      15 |   0.0 |   493
           D:2 |       0 |      61 |   0.0 |       0 |      20 |   0.0 |   826
           D:3 |       0 |      95 |   0.0 |       0 |       9 |   0.0 |   149
               +---------+---------+-------+---------+---------+-------+---------
